 Dungeon Sprint DCSS version 0.18-a0-33-g9e10395 (console) character file.

522 Kellhus the Basher (level 7, -2/44 HPs)
             Began as a Gargoyle Gladiator on Nov 5, 2015.
             Was an Initiate of Ru.
             Slain by a skeletal warrior
             ... wielding a +0 battleaxe
              (9 damage)
             ... in the Dungeon (Sprint IX: "|||||||||||||||||||||||||||||").
             The game lasted 00:02:06 (463 turns).

Kellhus the Basher (Gargoyle Gladiator)              Turns: 463, Time: 00:02:06

Health: -2/44      AC: 16    Str: 20    XL:     7   Next: 22%
Magic:  7/7        EV: 13    Int:  9    God:    Ru [......]
Gold:   0          SH:  0    Dex: 13    Spells: 0 memorised, 6 levels left

rFire  . . .     SeeInvis .     a - +2 morningstar (crush)
rCold  . . .     Clarity  .     t - +2 ring mail
rNeg   + . .     SustAt   .     (no shield)
rPois  ∞         Gourm    .     c - +0 helmet
rElec  +         Spirit   .     (no cloak)
rCorr  .         Warding  .     s - +0 pair of gloves
rMut   .         NoTele   +     q - +0 pair of boots
MR     .....                    (no amulet)
Stlth  +.........               v - +3 ring of dexterity
                                u - +2 ring of evasion

@: not resistant to hostile enchantments, very unstealthy
A: negative energy resistance 1, electricity resistance, unbreathing,
petrification resistance, rot immunity, AC +4
a: Sacrifice Stealth, Sacrifice Resistance, Sacrifice Essence, Reject
Sacrifices, Renounce Religion


You were in the Dungeon.
You worshipped Ru.
Ru was noncommittal.
You were not hungry.

You visited 1 branch

Inventory:

Hand Weapons
 a - a +2 morningstar of crushing (weapon)
 p - the +2 scimitar of the Wasp {drain, Str+6}
   (You found it in the Dungeon)

   A truly terrible weapon, it drains the life of those it strikes.
   It affects your strength (+6).
 r - a +0 flail
Missiles
 d - 3 throwing nets (quivered)
Armour
 b - a +0 leather armour
 c - a +0 helmet (worn)
 q - a +0 pair of boots (worn)
 s - a +0 pair of gloves (worn)
 t - a +2 ring mail (worn)
Jewellery
 u - a +2 ring of evasion (left hand)
 v - a +3 ring of dexterity (right hand)
Wands
 o - a wand of fire (2)
Scrolls
 k - 2 scrolls of blinking
 m - 3 scrolls of remove curse
 n - 2 scrolls of amnesia
Potions
 f - 5 potions of curing
 g - 2 potions of heal wounds
 h - a potion of haste
 i - 4 potions of magic
Comestibles
 e - a bread ration


   Skills:
 + Level 4.5 Fighting
 + Level 13.8 Maces & Flails
 - Level 1.7 Throwing
 + Level 3.7 Armour
 - Level 2.4 Dodging


You had 6 spell levels left.
You didn't know any spells.

Dungeon Overview and Level Annotations

Branches:
Dungeon (1/1)

Altars:
Cheibriados
Dithmenos
Elyvilon
Fedhas
Gozag
Kikubaaqudgha
Makhleb
Nemelex Xobeh
Okawaru
Qazlal
Ru
Sif Muna
Trog
Vehumet
Xom
Yredelemnul
Zin
The Shining One
Beogh
Jiyva
Lugonu


Innate Abilities, Weirdness & Mutations

You are resistant to torment.
Your stone body is resilient (AC +4).
You are immune to poison.
You resist negative energy.
You are resistant to electric shocks.
You can survive without breathing.
You are immune to petrification.
You are immune to rotting.


Message History

The bolt of fire hits the yak.
You kill the yak!
Your Fighting skill gained 2 levels and is now at level 4!
Your Armour skill gained 3 levels and is now at level 3!
You have reached level 7!
The bolt of fire hits the worker ant.
You kill the worker ant!
This wand has 3 charges left.
The skeletal warrior hits you with a battleaxe.
* * * LOW HITPOINT WARNING * * *
Unknown command.
Evoke which item? (* to show all) (? for menu, Esc to quit)
Zapping:
o - a wand of fire (3)
Press: ? - help, Shift-Dir - straight line, f/p - skeletal warrior
Aim: a skeletal warrior, wielding a battleaxe (severely damaged)
The bolt of fire hits the skeletal warrior.
The skeletal warrior is almost destroyed.
This wand has 2 charges left.
The skeletal warrior hits you with a battleaxe!
You die...

▓.▓
▓.▓
▓'▓
▓)▓
▓.▓
▓÷▓
▓.▓
▓.▓
▓@▓
▓z▓
▓)▓
▓.▓
▓)▓
▓)▓
▓.▓
▓.▓


You could see a skeletal warrior.

Vanquished Creatures
  A yak (D)
  A water moccasin (D)
  A black bear (D)
  A centaur (D)
  A jelly (D)
  2 worker ants (D)
  A shadow imp (D)
  An adder skeleton (D)
  A giant gecko (D)
  3 orcs (D)
  A giant cockroach (D)
  A kobold (D)
  A giant gecko zombie (D)
  A goblin (D)
  A jackal zombie (D)
  A quokka (D)
  2 rats (D)
21 creatures vanquished.

Notes
Turn   | Place    | Note
--------------------------------------------------------------
     0 | D        | Kellhus the Gargoyle Gladiator began the quest for the Orb.
     0 | D        | Reached XP level 1. HP: 12/12 MP: 1/1
     7 | D        | Reached skill level 4 in Maces & Flails
    76 | D        | Noticed a worker ant
    81 | D        | Reached XP level 2. HP: 17/17 MP: 2/2
    85 | D        | Reached skill level 6 in Maces & Flails
    85 | D        | Reached XP level 3. HP: 21/21 MP: 3/3
    87 | D        | Reached skill level 7 in Maces & Flails
   135 | D        | Found a glowing silver altar of Zin.
   135 | D        | Found a glowing golden altar of the Shining One.
   135 | D        | Found an ancient bone altar of Kikubaaqudgha.
   135 | D        | Found a basalt altar of Yredelemnul.
   135 | D        | Found a shimmering altar of Xom.
   135 | D        | Found a radiant altar of Vehumet.
   136 | D        | Found an iron altar of Okawaru.
   137 | D        | Found a burning altar of Makhleb.
   138 | D        | Found a deep blue altar of Sif Muna.
   139 | D        | Found a bloodstained altar of Trog.
   140 | D        | Found a sparkling altar of Nemelex Xobeh.
   141 | D        | Found a white marble altar of Elyvilon.
   142 | D        | Found a roughly hewn altar of Beogh.
   143 | D        | Found a viscous altar of Jiyva.
   144 | D        | Found a corrupted altar of Lugonu.
   145 | D        | Found a blossoming altar of Fedhas.
   146 | D        | Found a snail-covered altar of Cheibriados.
   147 | D        | Found a shadowy altar of Dithmenos.
   148 | D        | Found a stormy altar of Qazlal.
   149 | D        | Found an opulent altar of Gozag.
   150 | D        | Found a sacrificial altar of Ru.
   158 | D        | Became a worshipper of Ru the Awakened
   168 | D        | Got the +2 scimitar of the Wasp {drain, Str+6}
   225 | D        | Noticed a centaur
   225 | D        | Noticed a black bear
   225 | D        | Noticed a water moccasin
   229 | D        | Killed a centaur
   229 | D        | Reached skill level 9 in Maces & Flails
   229 | D        | Reached XP level 4. HP: 18/26 MP: 4/4
   231 | D        | Reached XP level 5. HP: 20/30 MP: 5/5
   235 | D        | Reached skill level 10 in Maces & Flails
   244 | D        | Killed a black bear
   244 | D        | Reached skill level 12 in Maces & Flails
   244 | D        | Reached XP level 6. HP: 17/35 MP: 6/6
   251 | D        | Killed a water moccasin
   251 | D        | Reached skill level 13 in Maces & Flails
   458 | D        | Noticed a skeletal warrior
   458 | D        | Noticed a yak
   462 | D        | Killed a yak
   462 | D        | Reached XP level 7. HP: 7/44 MP: 7/7
   463 | D        | Slain by a skeletal warrior

Vault maps used:
D:        linesprint

Action                   |  1- 3 |  4- 6 |  7- 9 || total
-------------------------+-------+-------+-------++-------
Melee: Flail             |    24 |       |       ||    24
       Morningstar       |     3 |    19 |       ||    22
Evoke: Wand              |       |     3 |     2 ||     5
  Use: Potion            |     2 |     1 |       ||     3
 Stab: Invisible         |     2 |     2 |       ||     4
